 Dungeon Crawl Stone Soup version 0.26-a0-163-g6c8a0bf695 (webtiles) character file.

Game seed: 3559602206452358633

57 BritishOli the Slasher (level 3, -6/29 HPs)
             Began as a Demonspawn Monk on July 3, 2020.
             Killed by nerve-wracking pain
             ... invoked by Jessica
              (7 damage)
             ... on level 2 of the Dungeon.
             The game lasted 00:01:03 (1282 turns).

BritishOli the Slasher (Demonspawn Monk)            Turns: 1282, Time: 00:01:04

Health: -6/29      AC:  2    Str: 12    XL:     3   Next: 73%
Magic:  3/3        EV: 13    Int: 11    God:
Gold:   60         SH:  0    Dex: 15    Spells: 2/2 levels left

rFire    . . .     SeeInvis .   a - +0 falchion
rCold    + . .     Faith    .   (no shield)
rNeg     . . .     Spirit   .   b - +0 robe
rPois    .         Reflect  .   (no helmet)
rElec    .         Harm     .   (no cloak)
rCorr    .                      (no gloves)
MR       .....                  (no boots)
Stlth    ++........             (no amulet)
HPRegen  0.09/turn              (no ring)
MPRegen  0.08/turn              (no ring)

@: no status effects
A: talons 1, cold resistance 1
a: no special abilities


You were on level 2 of the Dungeon.
You were not hungry.

You visited 1 branch of the dungeon, and saw 2 of its levels.

You collected 60 gold pieces.

Inventory:

Hand Weapons
 a - a +0 falchion (weapon)
Armour
 b - a +0 robe (worn)
Scrolls
 e - a scroll of amnesia {unknown}
 g - 3 scrolls of remove curse {unknown}
 h - a scroll of identify {unknown}
 j - a scroll of enchant armour {unknown}
 k - a scroll of noise {unknown}
Potions
 d - a potion of heal wounds {unknown}
 f - 2 potions of curing {unknown}
 i - a potion of stabbing {unknown}
 l - a potion of brilliance {unknown}
Comestibles
 c - 6 rations
 m - 3 chunks of flesh


   Skills:
 + Level 3.2 Fighting
 * Level 3.3 Long Blades
 + Level 1.0 Armour
 + Level 3.0 Dodging
 + Level 2.3 Stealth


You had 2 spell levels left.
You didn't know any spells.
Your spell library was empty.

Dungeon Overview and Level Annotations

Branches:
Dungeon (2/15)

Altars:

Annotations:
D:2 Jessica


Innate Abilities, Weirdness & Mutations

You have sharp toenails.
Your flesh is cold resistant. (rC+)


Message History

You are too injured to fight recklessly!
You are too injured to fight recklessly!
You are too injured to fight recklessly!
Firing (i - inventory) No suitable missiles.
Press: ? - help, Shift-Dir - straight line, f - Jessica
Aim: Jessica, wielding a +0 club and wearing a +0 robe (heavily wounded)
Okay, then.
Fire/throw which item? (* to show all) (? for menu, Esc to quit)
Okay, then.
You closely miss Jessica. Your kick misses Jessica.
Jessica is heavily wounded.
Jessica casts a spell.
Jessica blinks!
Jessica hits you with a +0 club.
* * * LOW HITPOINT WARNING * * *
You closely miss Jessica.
Jessica is heavily wounded.
Jessica casts a spell at you. Pain shoots through your body!
You die...

## #### . ...###
#.#.... #.#..)###
....... ..
##.####†..# .#
.......).# .#
......@@§#######.#
##..####.........#
# # #...####..#.#
#....###..#.#
#...........#
##...###..###
##.## #..# #.#
#..#
@######.####..#


You could see Jessica.

Vanquished Creatures
  An adder (D:2)
  A gnoll (D:1)
  2 dart slugs (D:2)
  4 bats
  A giant cockroach (D:2)
  8 goblins
  3 hobgoblins (D:1)
  5 kobolds (D:1)
  2 ball pythons (D:1)
  2 frilled lizards
  6 rats
35 creatures vanquished.

Notes
Turn   | Place    | Note
-------+----------+-------------------------------------------
     0 | D:1      | BritishOli the Demonspawn Monk began the quest for the Orb.
     0 | D:1      | Reached XP level 1. HP: 18/18 MP: 1/1
   366 | D:1      | Gained mutation: You have sharp toenails. [demonic
                  | ancestry]
   366 | D:1      | Reached XP level 2. HP: 21/24 MP: 2/2
   823 | D:1      | Gained mutation: Your flesh is cold resistant. (rC+)
                  | [demonic ancestry]
   823 | D:1      | Reached XP level 3. HP: 29/29 MP: 3/3
  1192 | D:2      | Noticed Jessica
  1255 | D:2      | Reached skill level 1 in Armour
  1281 | D:2      | HP: 1/29 [Jessica/+0 club (5)]
  1282 | D:2      | Killed from afar by Jessica

Illustrated notes

Levels and vault maps discovered:
D:1:      lemuel_arrival_funnel, layout_basic
D:2:      layout_loops_ring, grunt_temple_overflow_magic_moments, uniq_robin,
          uniq_jessica

Skill      XL: |  1  2  3 |
---------------+----------+-----
Stealth        | 2 |  2.3
Long Blades    | 3 |  3.3
Dodging        | 3 |  3.0
Armour         | 1 |  1.0
Fighting       | |  3.2

Action                   || total
-------------------------++-------
Melee: Falchion          ||    89
       Kick              ||    10
 Stab: Distracted        ||     2
       Sleeping          ||     1
  Eat: Chunk             ||     1
Armor: Robe              ||    16
Dodge: Dodged            ||    75
       Rpst.: Falchion   ||    26

Table legend:
 A = Non-vault XP
 B = Vault XP
 C = Vault XP percentage of total XP
 D = Non-vault monster count
 E = Vault monster count
 F = Vault count percentage of total count
                 A         B        C        D         E       F
            +---------+---------+-------+---------+---------+-------
      Total |      82 |       0 |   0.0 |      35 |       0 |   0.0
            +---------+---------+-------+---------+---------+-------
        D:1 |      47 |       0 |   0.0 |      23 |       0 |   0.0
        D:2 |      35 |       0 |   0.0 |      12 |       0 |   0.0
            +---------+---------+-------+---------+---------+-------
